 Dungeon Crawl Stone Soup version 0.21.1-1-g345015f (webtiles) character file.

14632 wojtek the Cleaver (level 11, 0/101 HPs)
             Began as a Minotaur Fighter on Mar 27, 2018.
             Was a High Priest of Okawaru.
             Slain by a freezing wraith (9 damage)
             ... led by a death knight
             ... on level 11 of the Dungeon.
             The game lasted 00:16:41 (10907 turns).

wojtek the Cleaver (Minotaur Fighter)              Turns: 10907, Time: 00:16:43

Health: 0/101      AC: 21    Str: 23    XL:     11   Next: 91%
Magic:  15/15      EV: 12    Int:  5    God:    Okawaru [*****.]
Gold:   696        SH:  2    Dex: 15    Spells: 10/10 levels left

rFire    . . .     SeeInvis +   S - +0 battleaxe
rCold    . . .     Gourm    .   (shield currently unavailable)
rNeg     . . .     Faith    .   N - +4 plate armour
rPois    .         Spirit   .   (helmet restricted)
rElec    .         Reflect  +   y - +0 cloak
rCorr    .         Harm     .   Q - +0 pair of gloves {archery}
MR       +....                  (no boots)
Stlth    ..........             F - amulet of Tukue {Reflect Dex+4 SH+2}
HPRegen  0.26/turn              D - ring of protection from magic
MPRegen  0.14/turn              x - ring of see invisible

@: no status effects
A: retaliatory headbutt, horns 2
a: Heroism, Finesse, Renounce Religion


You were on level 11 of the Dungeon.
You worshipped Okawaru.
Okawaru was extremely pleased with you.
You were not hungry.

You visited 2 branches of the dungeon, and saw 12 of its levels.

You collected 696 gold pieces.

Inventory:

Hand Weapons
 a - a +1 broad axe of electrocution
 b - a +0 hand axe of flaming
 H - a +0 war axe
 S - a +0 battleaxe (weapon)
Missiles
 w - 8 curare-tipped needles
 E - 2 tomahawks (quivered)
 I - a throwing net
Armour
 c - a +0 shield
 y - a +0 cloak (worn)
 J - a +2 ring mail of fire resistance
 N - a +4 plate armour (worn)
 Q - a +0 pair of gloves of archery (worn)
Jewellery
 x - a ring of see invisible (right hand)
 D - a ring of protection from magic (left hand)
 F - the amulet of Tukue (around neck) {Reflect Dex+4 SH+2}
   (You found it on level 7 of the Dungeon)

   [amulet of reflection]

   It shields you and reflects attacks.
   It affects your dexterity (+4).
   It affects your SH (+2).
 M - an uncursed ring of positive energy
 R - a cursed amulet of inaccuracy {unknown}
Wands
 t - a wand of digging (17)
 G - a wand of flame (32)
 K - a wand of scattershot (3)
Scrolls
 e - 6 scrolls of teleportation
 i - a scroll of identify
 j - 2 scrolls of fog {unknown}
 l - 7 scrolls of remove curse
 m - 2 scrolls of enchant weapon {unknown}
 q - 3 scrolls of fear
 r - 2 scrolls of magic mapping {unknown}
 v - 2 scrolls of acquirement {unknown}
 C - 3 scrolls of enchant armour {unknown}
 L - a scroll of amnesia {unknown}
Potions
 d - a potion of might
 g - 3 potions of magic
 h - 3 potions of agility
 k - a potion of cancellation
 n - 4 potions of curing {unknown}
 o - 2 potions of haste
 p - a potion of lignification {unknown}
 s - a potion of brilliance {unknown}
 u - 2 potions of ambrosia
 z - 3 potions of heal wounds
 B - 3 potions of flight {unknown}
 P - a potion of degeneration {unknown}
Books
 A - a book of Cantrips

   Spells                             Type                      Level
   a - Confusing Touch                Hexes                        1
   b - Animate Skeleton               Necromancy                   1
   c - Summon Small Mammal            Summoning                    1
   d - Apportation                    Translocation                1
Comestibles
 f - 12 rations
 O - 14 chunks of flesh


   Skills:
 + Level 10.6 Fighting
 + Level 12.3 Axes
 + Level 10.6 Armour
 + Level 9.2 Dodging
 - Level 3.6 Shields
 + Level 7.8 Invocations


You had 10 spell levels left.
You didn't know any spells.

Dungeon Overview and Level Annotations

Branches:
Dungeon (12/15)            Temple (1/1) D:5             Orc (0/2) D:11
   Lair: D:8-11

Altars:
Ashenzari
Dithmenos
Elyvilon
Gozag
Hepliaklqana
Kikubaaqudgha
Makhleb
Nemelex Xobeh
Okawaru
Qazlal
Ru
Trog
Uskayaw
Vehumet
Xom
Yredelemnul
Zin
The Shining One

Shops:
D:10 %


Innate Abilities, Weirdness & Mutations

You reflexively headbutt those who attack you in melee.
You have a pair of horns on your head.


Message History

The freezing wraith is almost destroyed.
The freezing wraith hits you but does no damage.
The freezing wraith hits you.
* * * LOW HITPOINT WARNING * * *
You closely miss the freezing wraith.
Your headbutt misses the freezing wraith.
The freezing wraith is severely damaged.
You block the freezing wraith's attack.
The freezing wraith hits you but does no damage.
You hit the freezing wraith but do no damage.
The freezing wraith is severely damaged.
The freezing wraith hits you but does no damage. x2
The freezing wraith misses you. The freezing wraith barely misses you.
You closely miss the freezing wraith.
You headbutt the freezing wraith, but do no damage.
The freezing wraith is severely damaged.
The freezing wraith hits you.
* * * LOW HITPOINT WARNING * * *
The freezing wraith freezes you!
You die...

..### ##..#..##.#####..## #.#
....#####..#.<###..##...## #.#
.#.....##.##[## ##.#..#######.###
.#.###...([)[#####...............
.#...÷<....([[..####...........##
.÷.....####)###..)....#######..##
.###...###()####.[#....######....
...#...........W.##.............#
................@.....>.#####.#.#
.#.#........#######...### #.#.#
.#.#......#.## ##### #.#..
.#.#...####..# ####.### .#.....#
##.# #....... ###...##
#.#############[...... #
###.######..(....)))...[[......
#.........############.......
########..........# #.......


You could see a freezing wraith.

Vanquished Creatures
  2 hydras
  2 two-headed ogres (D:12)
  A death knight (D:12)
  Nergalle (D:10)
  An unseen horror (D:11)
  A deep elf mage (D:12)
  An ugly thing (D:11)
  2 centaur skeletons
  A kobold demonologist (D:12)
  3 trolls
  The ghost of appiemonkey the Chopper, an amateur DDBe of Trog (D:5)
  The ghost of Kairos the Skirmisher, an amateur DsAK of Lugonu (D:4)
  Sigmund (D:3)
  A wraith (D:11)
  A wyvern (D:11)
  19 yaks
  An acid dragon (D:11)
  A water moccasin (D:11)
  4 orc warriors
  A black bear (D:11)
  4 ice beasts
  2 sky beasts
  A hornet zombie (D:12)
  A necrophage (D:6)
  5 ogres
  10 big kobolds
  4 bullfrogs
  6 killer bees (D:11)
  5 wights (D:11)
  A centaur zombie (D:10)
  A crimson imp (D:11)
  Crazy Yiuf (D:4)
  5 hounds
  3 orc priests (D:11)
  4 jellies
  A bullfrog skeleton (D:11)
  2 iguanas
  8 orc wizards
  5 worker ants
  Robin (D:4)
  9 adders
  8 river rats (D:5)
  A shadow imp (D:11)
  3 oozes
  An adder skeleton (D:4)
  A worm (D:6)
  2 dart slugs
  7 leopard geckos
  32 orcs
  3 giant cockroaches
  14 goblins
  11 hobgoblins
  3 jackals (D:7)
  11 quokkas
  A ball python (D:7)
  7 bats
  4 frilled lizards
  A jackal skeleton (D:4)
  A jackal zombie (D:2)
  33 kobolds
  2 leopard gecko skeletons
  21 rats
292 creatures vanquished.

Notes
Turn   | Place    | Note
-------+----------+-------------------------------------------
     0 | D:1      | wojtek the Minotaur Fighter began the quest for the Orb.
     0 | D:1      | Reached XP level 1. HP: 19/19 MP: 0/0
   112 | D:1      | Reached skill level 3 in Axes
   379 | D:1      | Reached XP level 2. HP: 26/26 MP: 1/1
   962 | D:2      | Reached skill level 4 in Axes
   992 | D:2      | Reached XP level 3. HP: 31/31 MP: 2/2
  1422 | D:3      | Reached skill level 5 in Axes
  1505 | D:3      | Reached XP level 4. HP: 27/39 MP: 3/3
  1784 | D:3      | Reached skill level 6 in Axes
  1895 | D:3      | Noticed Sigmund
  1914 | D:3      | Killed Sigmund
  1914 | D:3      | Reached skill level 7 in Axes
  1914 | D:3      | Reached XP level 5. HP: 36/45 MP: 4/4
  1914 | D:3      | Reached XP level 6. HP: 41/51 MP: 5/5
  2619 | D:3      | Found a glowing silver altar of Zin.
  2785 | D:4      | Noticed Robin
  2805 | D:4      | Killed Robin
  2858 | D:4      | Reached skill level 8 in Axes
  2858 | D:4      | Reached skill level 1 in Dodging
  3165 | D:4      | Noticed Kairos's ghost (amateur DsAK)
  3181 | D:4      | Killed Kairos's ghost
  3181 | D:4      | Reached XP level 7. HP: 32/60 MP: 6/6
  3528 | D:4      | You fall through a shaft for 3 floors!
  3548 | D:7      | Reached skill level 5 in Fighting
  3548 | D:7      | Reached skill level 5 in Armour
  3651 | D:5      | Entered Level 5 of the Dungeon
  3698 | D:5      | Found a staircase to the Ecumenical Temple.
  3778 | Temple   | Entered the Ecumenical Temple
  3883 | Temple   | Became a worshipper of Warmaster Okawaru
  4347 | D:5      | Noticed appiemonkey's ghost (amateur DDBe)
  4358 | D:5      | Killed appiemonkey's ghost
  4358 | D:5      | Reached skill level 1 in Invocations
  4358 | D:5      | Reached XP level 8. HP: 54/69 MP: 6/8
  4467 | D:5      | Reached * piety under Okawaru
  4542 | D:5      | Found a glowing golden altar of the Shining One.
  4554 | D:5      | Reached skill level 9 in Axes
  4586 | D:5      | Found a burning altar of Makhleb.
  4906 | D:4      | Found a runed door.
  4910 | D:4      | Noticed Crazy Yiuf
  4916 | D:4      | Killed Crazy Yiuf
  5032 | D:6      | Found an opulent altar of Gozag.
  5560 | D:7      | Found a sparkling altar of Nemelex Xobeh.
  5572 | D:7      | Reached ** piety under Okawaru
  5794 | D:7      | Found a hide-covered altar of Uskayaw.
  6002 | D:7      | Got a scintillating zirconium amulet
  6037 | D:7      | Found a hazy altar of Hepliaklqana.
  6270 | D:8      | Reached XP level 9. HP: 61/78 MP: 10/10
  6347 | D:8      | You fall through a shaft for 2 floors!
  6347 | D:10     | Entered Level 10 of the Dungeon
  6416 | D:10     | Reached skill level 5 in Dodging
  6443 | D:10     | Found Xegini's Food Boutique.
  6645 | D:10     | Reached skill level 10 in Axes
  6652 | D:10     | Reached *** piety under Okawaru
  6868 | D:10     | Noticed a troll
  6875 | D:10     | Killed a troll
  6972 | D:10     | Reached skill level 5 in Invocations
  6972 | D:10     | Reached XP level 10. HP: 81/88 MP: 12/12
  7019 | D:10     | Noticed Nergalle
  7053 | D:10     | Killed Nergalle
  7053 | D:10     | Reached **** piety under Okawaru
  7795 | D:11     | Reached skill level 11 in Axes
  8414 | D:11     | Found a staircase to the Orcish Mines.
  8423 | D:11     | Reached ***** piety under Okawaru
  8611 | D:11     | Noticed a seven-headed hydra
  8733 | D:11     | Identified the amulet of Tukue {Reflect Dex+4 SH+2} (You found it on level 7 of the Dungeon)
  9430 | D:11     | Killed a seven-headed hydra
  9430 | D:11     | Reached XP level 11. HP: 82/97 MP: 6/14
  9448 | D:11     | Noticed an unseen horror
  9449 | D:11     | Noticed a white ugly thing
  9458 | D:11     | Killed an unseen horror
  9481 | D:11     | Killed a white ugly thing
 10147 | D:12     | Found a glowing golden altar of the Shining One.
 10150 | D:12     | Noticed a two-headed ogre
 10161 | D:12     | Killed a two-headed ogre
 10206 | D:12     | Noticed a deep elf mage
 10228 | D:12     | Received a gift from Okawaru
 10228 | D:12     | Reached skill level 10 in Armour
 10235 | D:12     | Reached skill level 10 in Fighting
 10246 | D:12     | Killed a deep elf mage
 10455 | D:12     | Noticed a sixfirhy
 10460 | D:12     | Noticed a soul eater
 10463 | D:12     | Reached skill level 12 in Axes
 10576 | D:12     | Noticed an eight-headed hydra
 10577 | D:12     | Noticed a two-headed ogre
 10604 | D:12     | Killed a two-headed ogre
 10616 | D:12     | Killed a four-headed hydra
 10852 | D:12     | Noticed a death knight
 10853 | D:12     | Noticed a skeletal warrior
 10867 | D:12     | Killed a death knight
 10907 | D:11     | Slain by a freezing wraith

Skill      XL: |  1  2  3  4  5  6  7  8  9 10 11 |
---------------+----------------------------------+-----
Axes           | 3 4 5 7 8 9 10 11 12 | 12.3
Fighting       | 4 5 6 8 9 10 | 10.6
Armour         | 4 5 6 8 9 10 | 10.6
Dodging        | 2 3 4 6 7 9 |  9.2
Invocations    | 1 3 5 6 7 |  7.8
Shields        | |  3.6

Action                   |  1- 3 |  4- 6 |  7- 9 | 10-12 || total
-------------------------+-------+-------+-------+-------++-------
Melee: War axe           |   118 |   121 |   210 |       ||   449
       Headbutt          |    14 |    22 |    57 |    91 ||   184
       Battleaxe         |       |       |    73 |   252 ||   325
       Hand axe          |       |       |       |   115 ||   115
       Broad axe         |       |       |       |    24 ||    24
       Punch             |       |       |       |     1 ||     1
Invok: Heroism           |       |       |     1 |     5 ||     6
       Finesse           |       |       |       |     2 ||     2
Evoke: Wand              |       |       |       |     3 ||     3
  Use: Scroll            |     3 |       |       |     8 ||    11
       Potion            |       |       |       |     1 ||     1
  Eat: Chunk             |     2 |     5 |    13 |     9 ||    29
       Ration            |       |       |       |     1 ||     1
Armor: Scale mail        |     7 |       |       |       ||     7
       Chain mail        |    43 |    47 |   104 |    83 ||   277
       Plate armour      |       |       |       |   206 ||   206
Dodge: Dodged            |    30 |    11 |    82 |   285 ||   408
Block: Shield            |    61 |    55 |    83 |       ||   199
       Other             |       |       |       |    13 ||    13
